 Dungeon Crawl Stone Soup version 0.25-a0-458-g6fc7858b95 (webtiles) character file.

Game seed: 5878390976658608059, levelgen mode: deterministic

193 Nattfarinn the Sneak (level 5, -4/28 HPs)
             Began as a Vine Stalker Assassin on Feb 2, 2020.
             Was a Believer of Uskayaw.
             Slain by an orc
             ... wielding a +0 flail
              (8 damage)
             ... on level 4 of the Dungeon.
             The game lasted 00:04:36 (2332 turns).

Nattfarinn the Sneak (Vine Stalker Assassin)        Turns: 2332, Time: 00:04:38

Health: -4/28      AC:  5    Str: 13 (14) XL:     5   Next: 72%
Magic:  0/6        EV: 11    Int:  8 (11) God:    Uskayaw [**....]
Gold:   120        SH:  0    Dex: 15 (16) Spells: 4/4 levels left

rFire    + . .     SeeInvis .   a - +2 dagger (venom)
rCold    . . .     Gourm    .   (no shield)
rNeg     . . .     Faith    .   w - +2 robe {rF+}
rPois    .         Spirit   +   (no helmet)
rElec    .         Reflect  .   c - +0 cloak
rCorr    .         Harm     .   (no gloves)
MR       .....                  (no boots)
Stlth    +++.......             (no amulet)
HPRegen  0.49/turn              (no ring)
MPRegen  0.10/turn              (no ring)

@: lethally poisoned (-4 -> -7)
A: fangs 2, regeneration 1, magic shield, antimagic bite, no potion heal 3, rot
immunity
a: Stomp, Line Pass, Renounce Religion


You were on level 4 of the Dungeon.
You worshipped Uskayaw.
Uskayaw was noncommittal.
You were hungry.

You visited 1 branch of the dungeon, and saw 4 of its levels.

You collected 120 gold pieces.

Inventory:

Hand Weapons
 a - a +2 dagger of venom (weapon)
 b - a +0 great sword of draining
 n - a +2 dagger
Missiles
 d - 26 poisoned darts (quivered)
 e - 2 curare-tipped darts
Armour
 c - a +0 cloak (worn)
 u - a +0 robe
 w - a +2 robe of fire resistance (worn)
Scrolls
 i - 2 scrolls of teleportation
 l - a scroll of fear
 p - a scroll of enchant armour {unknown}
 r - a scroll of blinking
 s - a scroll of remove curse
 v - a scroll of enchant weapon
Potions
 g - a potion of mutation {unknown}
 h - a potion of cancellation {unknown}
 j - a potion of degeneration
 m - a potion of heal wounds {unknown}
 o - a potion of might {unknown}
 q - a potion of invisibility {unknown}
 t - a potion of curing {unknown}
 x - 2 potions of berserk rage {unknown}
Comestibles
 f - 6 rations
 k - a chunk of flesh


   Skills:
 + Level 3.2 Fighting
 * Level 4.4 Short Blades
 - Level 1.7 Throwing
 - Level 0.7 Dodging
 - Level 4.8 Stealth


You had 4 spell levels left.
You didn't know any spells.
Your spell library was empty.

Dungeon Overview and Level Annotations

Branches:
Dungeon (4/15)             Temple (0/1) D:4

Altars:
Cheibriados
Kikubaaqudgha
Uskayaw


Innate Abilities, Weirdness & Mutations

You have extremely sharp teeth.
Your natural rate of healing is unusually fast.
When hurt, damage is shared between your health and your magic reserves.
Your bite disrupts and absorbs the magic of your enemies.
Potions cannot restore your health.
You are immune to rotting.


Message History

You hit the worker ant.
The worker ant is poisoned.
You bite the worker ant, but do no damage.
The worker ant is heavily wounded.
The worker ant bites you. The orc hits you but does no damage.
The orc misses you.
You can now pass through a line of other dancers.
You are too injured to fight recklessly!
Unknown command.
Okay, then.
The worker ant waves its antennae.
The orc hits you with a +0 flail!
* * * LOW HITPOINT WARNING * * *
It was a potion of degeneration.
There was something very wrong with that liquid.
You feel weakened.
You feel dopey.
You feel clumsy. The worker ant bites you.
* * * LOW HITPOINT WARNING * * *
You are poisoned.
The worker ant poisons you! The orc hits you with a +0 flail!
You die...

#.................#
#.................#
#..............##.#
#..............##.#
#......##########.#
#............# #.#
#.....†......####.#
#........o.........
#.......@ao........
#........o.......
#................
#................
#................
#................
................
................


You could see a worker ant and 3 orcs.

Vanquished Creatures
  2 worker ants (D:4)
  6 adders
  A worm (D:2)
  A dart slug (D:2)
  2 leopard geckos
  6 orcs
  4 ball pythons
  4 giant cockroaches
  8 goblins
  12 hobgoblins
  10 jackals
  4 kobolds
  A quokka (D:4)
  5 bats (D:1)
  5 frilled lizards
  5 rats
76 creatures vanquished.

Vanquished Creatures (others)
  A human (D:2)
1 creature vanquished.

Grand Total: 77 creatures vanquished

Notes
Turn   | Place    | Note
-------+----------+-------------------------------------------
     0 | D:1      | Nattfarinn the Vine Stalker Assassin began the quest for
                  | the Orb.
     0 | D:1      | Reached XP level 1. HP: 11/11 MP: 2/2
    62 | D:1      | Reached XP level 2. HP: 2/15 MP: 1/3
   790 | D:1      | Reached XP level 3. HP: 18/18 MP: 4/4
  1111 | D:2      | Found an ancient bone altar of Kikubaaqudgha.
  1111 | D:2      | Noticed a human
  1117 | D:2      | Killed a human
  1244 | D:2      | Gained mutation: Your natural rate of healing is unusually
                  | fast. [Vine Stalker growth]
  1244 | D:2      | Reached XP level 4. HP: 22/23 MP: 5/5
  1969 | D:3      | Reached XP level 5. HP: 28/28 MP: 6/6
  2195 | D:4      | Found a hide-covered altar of Uskayaw.
  2207 | D:4      | Found a snail-covered altar of Cheibriados.
  2225 | D:4      | Became a worshipper of Uskayaw the Reveler
  2255 | D:4      | Found a staircase to the Ecumenical Temple.
  2320 | D:4      | Reached * piety under Uskayaw
  2330 | D:4      | Reached ** piety under Uskayaw
  2332 | D:4      | Slain by an orc

Levels and vault maps discovered:
D:1:      lemuel_arrival_cross, layout_loops_ring, minmay_liquid_box,
          st_stairs_9, skrybe_limestone_x, minmay_indecisive_spiral
D:2:      layout_loops_ring, tgw_kikubaaqudgha
D:3:      layout_rooms, first_ration
D:4:      layout_basic, grunt_temple_overflow_open,
          minmay_temple_entry_stoned_glass

Skill      XL: |  1  2  3  4  5 |
---------------+----------------+-----
Short Blades   | 2 3 4 |  4.4
Fighting       | 2 3 |  3.2
Throwing       | |  1.7
Dodging        | |  0.7
Stealth        | |  4.8

Action                   |  1- 3 |  4- 6 || total
-------------------------+-------+-------++-------
Melee: Dagger            |    86 |    88 ||   174
       Bite              |    14 |    29 ||    43
  Use: Scroll            |       |     5 ||     5
       Potion            |       |     1 ||     1
 Stab: Sleeping          |    12 |     7 ||    19
       Distracted        |       |     1 ||     1
  Eat: Chunk             |     1 |     3 ||     4
Armor: Robe              |    13 |    13 ||    26
Dodge: Dodged            |    43 |    37 ||    80

Table legend:
 A = Non-vault XP
 B = Vault XP
 C = Vault XP percentage of total XP
 D = Non-vault monster count
 E = Vault monster count
 F = Vault count percentage of total count
                 A         B        C        D         E       F
            +---------+---------+-------+---------+---------+-------
      Total |     264 |      12 |   4.3 |      70 |       6 |   7.9
            +---------+---------+-------+---------+---------+-------
        D:1 |      35 |      12 |  25.5 |      23 |       6 |  20.7
        D:2 |      58 |       0 |   0.0 |      23 |       0 |   0.0
        D:3 |      92 |       0 |   0.0 |      17 |       0 |   0.0
        D:4 |      79 |       0 |   0.0 |       7 |       0 |   0.0
            +---------+---------+-------+---------+---------+-------
